PBL
PORTLAND ANGELS @ PALM BEACH NATIONALS
10/04/2048
 
TOP OF THE 1ST
Portland Angels batting - Pitching for Palm Beach Nationals : RHP Seth Wright
Pitching: RHP Seth Wright
Batting: RHB Jose Garduno 0-0: Ball
1-0: Ball
2-0: Ball
3-0: Called Strike
3-1: Base on Balls
Batting: RHB Steve Neely 0-0: Called Strike
0-1: Swinging Strike
0-2: Strikes out looking
Batting: LHB Pavla Markianov 0-0: Fly out, F8 (Line Drive, 8RD, EV 101.9 MPH)
Batting: RHB Alex Rosaly 0-0: Called Strike
0-1: Ball
1-1: Called Strike
1-2: Fly out, F8 (Flyball, 8RD, EV 85.6 MPH)
Top of the 1st over - 0 runs, 0 hits, 0 errors, 1 left on base; Portland 0 - Palm Beach 0
BOTTOM OF THE 1ST
Palm Beach Nationals batting - Pitching for Portland Angels : LHP Alejandro Jimenez
Pitching: LHP Alejandro Jimenez
Batting: RHB Ben Lowe 0-0: Called Strike
0-1: Ball
1-1: Ball
2-1: Foul Ball, location: 2F
2-2: Strikes out looking
Batting: LHB Tony Olvera 0-0: Ball
1-0: Called Strike
1-1: Fly out, F6 (Line Drive, 6, EV 72.5 MPH)
Batting: RHB Rudolph Lentz 0-0: Ball
1-0: Called Strike
1-1: Foul Ball, location: 2F
1-2: Ball
2-2: Foul Ball, location: 2F
2-2: Ground out 6-3 (Groundball, 56, EV 88.1 MPH)
Bottom of the 1st over - 0 runs, 0 hits, 0 errors, 0 left on base; Portland 0 - Palm Beach 0
TOP OF THE 2ND
Portland Angels batting - Pitching for Palm Beach Nationals : RHP Seth Wright
Batting: SHB Cesar Carrasquillo 0-0: Hit by Pitch
Batting: LHB Jon Rahn 0-0: Called Strike
0-1: Ball
1-1: Foul Ball, location: 2F
1-2: Foul Ball, location: 2F
1-2: Ball
2-2: 2-RUN HOME RUN (Flyball, 9D, EV 97.5 MPH), Distance : 362 ft
Batting: LHB Miguel Hernandez 0-0: Ball
1-0: Foul Ball, location: 2F
1-1: Fly out, F7 (Line Drive, 7, EV 102.5 MPH)
Batting: LHB David Coatney 0-0: Ball
1-0: Fly out, F8 (Flyball, 89D, EV 97.5 MPH)
Batting: LHB John Harvey 0-0: Called Strike
0-1: DOUBLE (Groundball, 3L, EV 109.4 MPH)
Batting: RHB Jose Garduno 0-0: Swinging Strike
0-1: Ball
1-1: Ball
2-1: Foul Ball, location: 2F
2-2: Ground out U3 (Groundball, 3S, EV 69.4 MPH)
Top of the 2nd over - 2 runs, 2 hits, 0 errors, 1 left on base; Portland 2 - Palm Beach 0
BOTTOM OF THE 2ND
Palm Beach Nationals batting - Pitching for Portland Angels : LHP Alejandro Jimenez
Batting: RHB Victor Rojas 0-0: Foul Ball, location: 2F
0-1: Ball
1-1: Hit by Pitch
Batting: RHB Kenny Ball 0-0: Ball
1-0: Ball
2-0: Grounds into double play, 6-4-3 (Groundball, 6, EV 92.5 MPH)
Batting: SHB John Husson 0-0: Ball
1-0: Swinging Strike
1-1: SINGLE (Groundball, 4MD, EV 94.4 MPH)
Batting: RHB Jason Curry 0-0: Ball
1-0: Ground out 2-3 (Groundball, 15S, EV 68.8 MPH)
Bottom of the 2nd over - 0 runs, 1 hit, 0 errors, 1 left on base; Portland 2 - Palm Beach 0
TOP OF THE 3RD
Portland Angels batting - Pitching for Palm Beach Nationals : RHP Seth Wright
Batting: RHB Steve Neely 0-0: Foul Ball, location: 2F
0-1: Called Strike
0-2: Strikes out swinging
Batting: LHB Pavla Markianov 0-0: Foul Ball, location: 2F
0-1: Ground out 4-3 (Groundball, 4, EV 94.4 MPH)
Batting: RHB Alex Rosaly 0-0: Fly out, F9 (Flyball, 9, EV 86.2 MPH)
Top of the 3rd over - 0 runs, 0 hits, 0 errors, 0 left on base; Portland 2 - Palm Beach 0
BOTTOM OF THE 3RD
Palm Beach Nationals batting - Pitching for Portland Angels : LHP Alejandro Jimenez
Batting: RHB Alex Gonzalez 0-0: Ball
1-0: Fly out, F8 (Flyball, 8RD, EV 93.1 MPH)
Batting: LHB Dusty Jones 0-0: Called Strike
0-1: Swinging Strike
0-2: Strikes out swinging
Batting: RHB Ben Lowe 0-0: Called Strike
0-1: Foul Ball, location: 2F
0-2: Foul Ball, location: 2F
0-2: Foul Ball, location: 2F
0-2: Ball
1-2: Fly out, F4 (Popup, 34S, EV 81.2 MPH)
Bottom of the 3rd over - 0 runs, 0 hits, 0 errors, 0 left on base; Portland 2 - Palm Beach 0
TOP OF THE 4TH
Portland Angels batting - Pitching for Palm Beach Nationals : RHP Seth Wright
Batting: SHB Cesar Carrasquillo 0-0: Called Strike
0-1: Ball
1-1: Ball
2-1: Foul Ball, location: 2F
2-2: Ball
3-2: Hit by Pitch
Batting: LHB Jon Rahn 0-0: Ball
1-0: Ball
2-0: Grounds into double play, 4-6-3 (Groundball, 13, EV 87.5 MPH)
Batting: LHB Miguel Hernandez 0-0: Swinging Strike
0-1: Ball
1-1: Called Strike
1-2: Ball
2-2: Strikes out swinging
Top of the 4th over - 0 runs, 0 hits, 0 errors, 0 left on base; Portland 2 - Palm Beach 0
BOTTOM OF THE 4TH
Palm Beach Nationals batting - Pitching for Portland Angels : LHP Alejandro Jimenez
Batting: LHB Tony Olvera 0-0: Ground out 5-3 (Groundball, 5L, EV 103.1 MPH)
Batting: RHB Rudolph Lentz 0-0: Fly out, F7 (Flyball, 7D, EV 93.1 MPH)
Batting: RHB Victor Rojas 0-0: Ground out 6-3 (Groundball, 6, EV 85.6 MPH)
Bottom of the 4th over - 0 runs, 0 hits, 0 errors, 0 left on base; Portland 2 - Palm Beach 0
TOP OF THE 5TH
Portland Angels batting - Pitching for Palm Beach Nationals : RHP Seth Wright
Batting: LHB David Coatney 0-0: Ball
1-0: Ball
2-0: Fly out, F7 (Line Drive, 7, EV 86.9 MPH)
Batting: LHB John Harvey 0-0: Fly out, F7 (Flyball, 7, EV 80.6 MPH)
Batting: RHB Jose Garduno 0-0: Ball
1-0: Ball
2-0: Ball
3-0: Base on Balls
Batting: RHB Steve Neely 0-0: Called Strike
Jose Garduno is caught stealing 2nd base 2-4
Top of the 5th over - 0 runs, 0 hits, 0 errors, 0 left on base; Portland 2 - Palm Beach 0
BOTTOM OF THE 5TH
Palm Beach Nationals batting - Pitching for Portland Angels : LHP Alejandro Jimenez
Batting: RHB Kenny Ball 0-0: Called Strike
0-1: Ball
1-1: Called Strike
1-2: Strikes out swinging
Batting: SHB John Husson 0-0: Swinging Strike
0-1: Ball
1-1: Fly out, F7 (Flyball, 7, EV 90.0 MPH)
Batting: RHB Jason Curry 0-0: Ground out 2-3 (Groundball, 15S, EV 73.1 MPH)
Bottom of the 5th over - 0 runs, 0 hits, 0 errors, 0 left on base; Portland 2 - Palm Beach 0
TOP OF THE 6TH
Portland Angels batting - Pitching for Palm Beach Nationals : RHP Seth Wright
Batting: RHB Steve Neely 0-0: Foul Ball, location: 2F
0-1: Hit by Pitch
Batting: LHB Pavla Markianov 0-0: Ball
1-0: Ball
2-0: Foul Ball, location: 2F
2-1: Foul Ball, location: 2F
2-2: 2-RUN HOME RUN (Flyball, 8LXD, EV 115.6 MPH), Distance : 457 ft
Batting: RHB Alex Rosaly 0-0: Ball
1-0: Called Strike
1-1: Ball
2-1: Swinging Strike
2-2: Strikes out swinging
Batting: SHB Cesar Carrasquillo 0-0: Ball
1-0: Foul Ball, location: 2F
1-1: Fly out, F9 (Flyball, 9, EV 87.5 MPH)
Batting: LHB Jon Rahn 0-0: Ball
1-0: Called Strike
1-1: Ball
2-1: SINGLE (Line Drive, 78S, EV 110.0 MPH)
Pitching: RHP Nate Vandergriff
Batting: LHB Miguel Hernandez 0-0: Called Strike
0-1: Ball
1-1: Swinging Strike
1-2: Foul Ball, location: 2F
1-2: Ball
2-2: Foul Ball, location: 2F
2-2: Strikes out swinging
Top of the 6th over - 2 runs, 2 hits, 0 errors, 1 left on base; Portland 4 - Palm Beach 0
BOTTOM OF THE 6TH
Palm Beach Nationals batting - Pitching for Portland Angels : LHP Alejandro Jimenez
Batting: RHB Alex Gonzalez 0-0: Ball
1-0: Foul Ball, location: 2F
1-1: Ball
2-1: DOUBLE (Line Drive, 89D, EV 110.0 MPH)
Batting: LHB Dusty Jones 0-0: Called Strike
0-1: Ball
1-1: Foul Ball, location: 2F
1-2: Strikes out looking
Batting: RHB Ben Lowe 0-0: Called Strike
0-1: Swinging Strike
0-2: Ball
1-2: Strikes out looking
Batting: LHB Tony Olvera 0-0: Called Strike
0-1: Ball
1-1: Foul Ball, location: 2F
1-2: Strikes out looking
Bottom of the 6th over - 0 runs, 1 hit, 0 errors, 1 left on base; Portland 4 - Palm Beach 0
TOP OF THE 7TH
Portland Angels batting - Pitching for Palm Beach Nationals : RHP Nate Vandergriff
Batting: LHB David Coatney 0-0: Ball
1-0: Called Strike
1-1: Swinging Strike
1-2: Foul Ball, location: 2F
1-2: Ball
2-2: Strikes out swinging
Batting: LHB John Harvey 0-0: Swinging Strike
0-1: Swinging Strike
0-2: Foul Ball, location: 2F
0-2: Strikes out looking
Batting: RHB Jose Garduno 0-0: Called Strike
0-1: Fly out, F9 (Flyball, 9S, EV 89.4 MPH)
Top of the 7th over - 0 runs, 0 hits, 0 errors, 0 left on base; Portland 4 - Palm Beach 0
BOTTOM OF THE 7TH
Palm Beach Nationals batting - Pitching for Portland Angels : LHP Alejandro Jimenez
Batting: RHB Rudolph Lentz 0-0: Ball
1-0: Fly out, F8 (Flyball, 8LS, EV 90.0 MPH)
Batting: RHB Victor Rojas 0-0: Ball
1-0: Foul Ball, location: 2F
1-1: Ball
2-1: Ball
3-1: Foul Ball, location: 2F
3-2: Foul Ball, location: 2F
3-2: Strikes out swinging
Batting: RHB Kenny Ball 0-0: Called Strike
0-1: Swinging Strike
0-2: Ball
1-2: Ball
2-2: Foul Ball, location: 2F
2-2: Strikes out looking
Bottom of the 7th over - 0 runs, 0 hits, 0 errors, 0 left on base; Portland 4 - Palm Beach 0
TOP OF THE 8TH
Portland Angels batting - Pitching for Palm Beach Nationals : RHP Nate Vandergriff
Batting: RHB Steve Neely 0-0: Ball
1-0: Swinging Strike
1-1: Foul Ball, location: 2F
1-2: Ball
2-2: Foul Ball, location: 2F
2-2: Strikes out swinging
Batting: LHB Pavla Markianov 0-0: Called Strike
0-1: Ball
1-1: Foul Ball, location: 2F
1-2: Strikes out swinging, 2-3 out at first.
Batting: RHB Alex Rosaly 0-0: Ball
1-0: Ball
2-0: Ball
3-0: Called Strike
3-1: Fly out, F7 (Flyball, 78D, EV 87.5 MPH)
Top of the 8th over - 0 runs, 0 hits, 0 errors, 0 left on base; Portland 4 - Palm Beach 0
BOTTOM OF THE 8TH
Palm Beach Nationals batting - Pitching for Portland Angels : LHP Alejandro Jimenez
Pitching: RHP John Martin
Batting: SHB John Husson 0-0: Called Strike
0-1: Called Strike
0-2: Fly out, F7 (Flyball, 78M, EV 80.0 MPH)
Pinch Hitting: RHB Jon Ortiz 0-0: Called Strike
0-1: Ball
1-1: Swinging Strike
1-2: Ball
2-2: Foul Ball, location: 2F
2-2: Ground out 4-3 (Groundball, 4S, EV 71.9 MPH)
Pinch Hitting: RHB Colin Morris 0-0: Fly out, F7 (Flyball, 78M, EV 87.5 MPH)
Bottom of the 8th over - 0 runs, 0 hits, 0 errors, 0 left on base; Portland 4 - Palm Beach 0
TOP OF THE 9TH
Portland Angels batting - Pitching for Palm Beach Nationals : RHP Nate Vandergriff
Pitching: LHP Kevin Perrell
Now at 2B: Ivan Torres
Now at 3B: Colin Morris
Batting: SHB Cesar Carrasquillo 0-0: Fly out, F9 (Flyball, 9D, EV 108.1 MPH)
Batting: LHB Jon Rahn 0-0: Called Strike
0-1: Ground out 4-3 (Groundball, 4, EV 78.8 MPH)
Pinch Hitting: SHB Manuel Martinez 0-0: Ball
1-0: Foul Ball, location: 2F
1-1: Ground out 5-3 (Groundball, 56, EV 89.4 MPH)
Top of the 9th over - 0 runs, 0 hits, 0 errors, 0 left on base; Portland 4 - Palm Beach 0
BOTTOM OF THE 9TH
Palm Beach Nationals batting - Pitching for Portland Angels : RHP John Martin
Pitching: RHP Chad Kraemer
Now in LF: Dan Contreras
Now in RF: David Coatney
Pinch Hitting: RHB Ken Yeadon 0-0: Ball
1-0: Ball
2-0: Foul Ball, location: 2F
2-1: Foul Ball, location: 2F
2-2: Fly out, F7 (Flyball, 7LM, EV 85.6 MPH)
Pinch Hitting: RHB Ryan Wright 0-0: Ball
1-0: Swinging Strike
1-1: Ball
2-1: SOLO HOME RUN (Flyball, 7D, EV 108.8 MPH), Distance : 398 ft
Batting: LHB Tony Olvera 0-0: Called Strike
0-1: Ground out 4-3 (Groundball, 4, EV 91.2 MPH)
Batting: RHB Rudolph Lentz 0-0: Ball
1-0: Swinging Strike
1-1: Called Strike
1-2: Foul Ball, location: 2F
1-2: Ball
2-2: Foul Ball, location: 2F
2-2: Fly out, F8 (Flyball, 8LD, EV 96.2 MPH)
Bottom of the 9th over - 1 run, 1 hit, 0 errors, 0 left on base; Portland 4 - Palm Beach 1
Tuesday, March 28th , 2023 - OOTP Baseball 23.10 Build 110